 Dungeon Crawl Stone Soup version 0.19-a0-231-gae044c8 (webtiles) character file.

102 Lugonue the Slasher (level 4, -14/38 HPs)
             Began as a Centaur Gladiator on May 24, 2016.
             Killed by divine providence
             ... invoked by an orc priest
              (16 damage)
             ... on level 3 of the Dungeon.
             The game lasted 00:05:22 (1826 turns).

Lugonue the Slasher (Centaur Gladiator)             Turns: 1826, Time: 00:05:23

Health: -14/38     AC:  5    Str: 18    XL:     4   Next: 49%
Magic:  4/4        EV: 10    Int:  7    God:
Gold:   98         SH:  0    Dex: 16    Spells: 0 memorised, 3 levels left

rFire  . . .     SeeInvis .     a - +0 long sword
rCold  . . .     Gourm    .     b - +0 leather armour
rNeg   . . .     Faith    .     (no shield)
rPois  .         Spirit   .     c - +0 helmet
rElec  .         Dismiss  .     (no cloak)
rCorr  .         Reflect  .     (no gloves)
SustAt .         Harm     .     (no barding)
MR     .....                    (no amulet)
Stlth  +.........               (no ring)
                                e - +6 ring of dexterity

@: invisible, very quick, not resistant to hostile enchantments, very unstealthy
A: hooves 3, deformed body, speed 2, tough skin 3
a: no special abilities


You were on level 3 of the Dungeon.
You were full.

You visited 1 branch of the dungeon, and saw 3 of its levels.

You collected 98 gold pieces.

Inventory:

Hand Weapons
 a - a +0 long sword (weapon)
Missiles
 d - 3 throwing nets (quivered)
Armour
 b - a +0 leather armour (worn)
 c - a +0 helmet (worn)
Jewellery
 e - a +6 ring of dexterity (left hand)
Wands
 n - a wand of enslavement (14/24)
Scrolls
 j - a scroll of recharging
 k - a scroll of teleportation {unknown}
 l - a scroll of noise {unknown}
 m - a scroll of fog {unknown}
 p - a scroll of blinking {unknown}
Potions
 g - a potion of ambrosia
Comestibles
 f - 2 bread rations


   Skills:
 + Level 3.0 Fighting
 + Level 4.1 Long Blades
 - Level 2.2 Throwing
 - Level 2.3 Dodging


You had 3 spell levels left.
You didn't know any spells.

Dungeon Overview and Level Annotations

Branches:
Dungeon (3/15)

Altars:


Innate Abilities, Weirdness & Mutations

You have hooves in place of feet.
Armour fits poorly on your strangely shaped body.
You cover ground very quickly.
You have extremely tough skin. (AC +3)


Message History

The orc priest invokes the aid of Beogh against you.
Beogh smites you!
An ooze comes into view.
A rat comes into view.
You closely miss the rat. Your kick misses the rat. The rat bites you.
You hit the rat but do no damage. You kick the rat.
You kill the rat!
The orc hits you but does no damage.
You barely miss the orc. The orc hits you.
You closely miss the orc. The orc hits you but does no damage.
You closely miss the orc. The orc hits you.
The orc priest mumbles some strange prayers to Beogh against you.
Beogh smites you!
* * * LOW HITPOINT WARNING * * *
The orc misses you.
Drink which item? (? for menu, Esc to quit)
You fade into invisibility!
The orc priest mumbles some strange prayers to Beogh against you.
Beogh smites you!
You die...

######†##...)........#
#.##...
#.(......##...........#####
##..###....#......###..
#...# #..#.#......# .#
.....#.# #.##.#......#
######.##.<##.#......#
#####.....##.#......###
#.........##.#........#
#....)....##..o@..†.#
#.........###o#######
#.........# #.#####
#########.# #.....# .#
#####o## .# #..### .#
##.o.# ###.#### #....####


You could see an orc priest and an orc.

Vanquished Creatures
  3 adders (D:2)
  2 worms
  2 dart slugs
  A giant gecko (D:1)
  3 ball pythons
  3 goblins
  10 hobgoblins
  9 jackals
  4 kobolds
  2 quokkas (D:2)
  7 bats
  5 giant newts
  11 rats
62 creatures vanquished.

Notes
Turn   | Place    | Note
--------------------------------------------------------------
     0 | D:1      | Lugonue the Centaur Gladiator began the quest for the Orb.
     0 | D:1      | Reached XP level 1. HP: 17/17 MP: 1/1
   118 | D:1      | Reached skill level 3 in Long Blades
   118 | D:1      | Reached XP level 2. HP: 20/24 MP: 2/2
   331 | D:1      | Reached XP level 3. HP: 26/30 MP: 3/3
  1556 | D:2      | Reached XP level 4. HP: 20/37 MP: 4/4
  1634 | D:2      | Reached skill level 4 in Long Blades
  1826 | D:3      | Killed from afar by an orc priest

Vault maps used:
D:1:      minmay_arrival_shattered_statue, dk_noncrumbling_3
D:2:      kennysheep_big_flooded_room

Skill      XL: |  1  2  3  4 |
---------------+-------------+-----
Long Blades    | 3 4 |  4.1
Fighting       | 3 |  3.0
Throwing       | |  2.2
Dodging        | |  2.3

Action                   |  1- 3 |  4- 6 || total
-------------------------+-------+-------++-------
Melee: Long sword        |   122 |    31 ||   153
       Kick              |    23 |     8 ||    31
  Use: Scroll            |       |     3 ||     3
       Potion            |       |     2 ||     2
  Eat: Chunk             |     1 |       ||     1
       Meat ration       |       |     1 ||     1
Armor: Leather armour    |    56 |    10 ||    66
Dodge: Dodged            |    71 |    16 ||    87
